 Seeded DCSS version 0.29.1-1-gd02db6906a (webtiles) character file.

Game seed: 8800239265270809476 (custom seed)

16 GigaChad the Trooper (level 2, -3/20 HPs)
             Began as a Gargoyle Fighter on Sept 27, 2022.
             Frozen to death by an endoplasm (7 damage)
             ... on level 2 of the Dungeon.
             The game lasted 00:01:38 (599 turns).

GigaChad the Trooper (Gargoyle Fighter)              Turns: 599, Time: 00:01:39

Health: -3/20      AC: 10    Str: 19    XL:     2   Next: 58%
Magic:  2/2        EV:  9    Int:  8    God:
Gold:   20         SH:  5    Dex: 16    Spells: 1/1 levels left

rFire   + . .      SeeInvis .   a - +0 long sword
rCold   x . .      Faith    .   c - +0 buckler
rNeg    + . .      Spirit   .   b - +0 scale mail
rPois   ∞          Reflect  .   (no helmet)
rElec   +          Harm     .   (no cloak)
rCorr   .          Rampage  .   (no gloves)
Will    .....                   k - +0 pair of boots
Stlth   ..........              (no amulet)
HPRegen 0.06/turn               f - ring "Relog" {Fire rPois Dex+7}
MPRegen 0.08/turn               (no ring)

@: no status effects
A: sickness immunity, AC +2, negative energy resistance 1, electricity
resistance, torment resistance 1, petrification resistance
a: no special abilities


You were on level 2 of the Dungeon.
You visited 1 branch of the dungeon, and saw 2 of its levels.

You collected 20 gold pieces.

Inventory:

Hand Weapons
 a - a +0 long sword (weapon)
Armour
 b - a +0 scale mail (worn)
 c - a +0 buckler (worn)
 k - a +0 pair of boots (worn)
Jewellery
 f - the ring "Relog" (left hand) {Fire rPois Dex+7}
   (You acquired it on level 1 of the Dungeon)

   [ring of fire]

   It enhances your fire magic.
   Dex:       It affects your dexterity (+7).
   rF:        It protects you from fire.
   rC:        It makes you vulnerable to cold.
   rPois:     It protects you from poison.
Scrolls
 e - a scroll of teleportation {unknown}
 h - a scroll of enchant weapon {unknown}
Potions
 d - a potion of might
 g - a potion of degeneration {unknown}
 i - a potion of invisibility {unknown}
 j - a potion of mutation {unknown}


   Skills:
 + Level 3.7 Fighting
 - Level 1.8 Long Blades
 - Level 3.5 Armour
 - Level 3.6 Shields


You had one spell level left.
You didn't know any spells.
Your spell library was empty.

Dungeon Overview and Level Annotations

Branches:
Dungeon (2/15)

Altars:


Innate Abilities, Weirdness & Mutations

You are immune to sickness and miasma.
Your stone body is resilient. (AC +2)
You are immune to poison.
You resist negative energy. (rN+)
You are resistant to electric shocks. (rElec)
You are resistant to unholy torment.
You are immune to petrification.


Message History

You start putting on your armour.
You continue putting on your +0 pair of boots. x4
You finish putting on your +0 pair of boots.
Found 5 stones.
You see here 5 stones.
A kobold comes into view. It is wielding a +0 whip.
The kobold shouts!
A kobold is nearby!
The kobold hits you but does no damage.
You hit the kobold but do no damage. The kobold misses you.
You barely miss the kobold. The kobold hits you but does no damage.
You slash the kobold!
You kill the kobold!
Things that are here:
a +0 whip; a kobold corpse
There is a stone staircase leading up here.
Found a stone staircase leading up.
There is a stone staircase leading down here.
Found an escape hatch in the ceiling.
Found an escape hatch in the floor.
There is an escape hatch in the ceiling here.
An endoplasm comes into view.
The endoplasm quivers.
The endoplasm freezes you.
You are frozen.
You feel a terrible chill!
You hit the endoplasm.
The endoplasm is moderately wounded.
The endoplasm hits you. The endoplasm freezes you.
You are frozen.
You feel a terrible chill!
You hit the endoplasm.
The endoplasm is heavily wounded.
The endoplasm freezes you.
You are frozen.
You feel a terrible chill!
* * * LOW HITPOINT WARNING * * *
You hit the endoplasm.
The endoplasm is almost dead.
The endoplasm freezes you.
You are frozen!
You feel a terrible chill!
You die...

#.####....#.#
#.#.........#.#
#.#.####....#.###
#.#.#...........# ##+#.
#.#......##.#.#.## #...!
#.#.......#.#.#.#.
#....##.###.#.....#.#.#.
#......J..#.#.#.#.#.#.#.
#......@..#.#.#.#.#.#.#.
.#####....#.#.#.#.....>.
+........#.#.....#.#.#.
##..>...##.#.....[.#.#.
+......<..#.......#.#.
#......#####.##.....##
#......# #.##.#.###
#......# #.##.#.#
#......# #......#


You could see an endoplasm.

Vanquished Creatures
  A dart slug (D:1)
  A ball python (D:2)
  2 endoplasms
  A goblin (D:1)
  2 hobgoblins (D:1)
  A kobold (D:2)
  2 quokkas
  A frilled lizard (D:1)
  A rat (D:1)
12 creatures vanquished.

Notes
Turn   | Place    | Note
-------+----------+-------------------------------------------
     0 | D:1      | GigaChad the Gargoyle Fighter began the quest for the Orb.
     0 | D:1      | Reached XP level 1. HP: 14/14 MP: 1/1
    40 | D:1      | Identified a scroll of acquirement
    40 | D:1      | Acquired the ring "Relog" {Fire rPois Dex+7}
   219 | D:1      | Reached XP level 2. HP: 19/19 MP: 2/2
   599 | D:2      | Frozen to death by an endoplasm

Illustrated notes

Levels and vault maps discovered:
D:1:      minmay_arrival_widening_spiral_wide, layout_rooms,
          serial_bayou_pond_b, minmay_crystal_room, st_stairs_3
D:2:      layout_basic, hex_tiny, minmay_tetromino_o2

Action                   || total
-------------------------++-------
Melee: Long sword        ||    37
  Use: Scroll            ||     1
Armor: Scale mail        ||    17
Dodge: Dodged            ||    23
Block: Buckler           ||    10
